 Dungeon Crawl Stone Soup version 0.25.0 (webtiles) character file.

Game seed: 15075678532709492896

(classic levelgen) 182 EnegeticOcto the Skirmisher (level 5, -7/42 HPs)
             Began as a Barachi Enchanter on June 12, 2020.
             Was a Priest of Uskayaw.
             Mangled by a phantom (8 damage)
             ... on level 4 of the Dungeon.
             The game lasted 00:03:49 (3938 turns).

EnegeticOcto the Skirmisher (Barachi Enchanter)     Turns: 3938, Time: 00:03:49

Health: -7/42      AC:  7    Str: 10    XL:     5   Next: 62%
Magic:  8/8        EV:  8    Int: 16    God:    Uskayaw [***...]
Gold:   183        SH:  4    Dex: 12    Spells: 7/8 levels left

rFire    . . .     SeeInvis .   c - +2 short sword (speed)
rCold    . . .     Gourm    .   d - +0 buckler
rNeg     . . .     Faith    .   i - +0 scale mail
rPois    .         Spirit   .   (no helmet)
rElec    .         Reflect  .   (no cloak)
rCorr    .         Harm     .   m - +0 pair of gloves
MR       .....                  (no boots)
Stlth    +.........             (no amulet)
HPRegen  0.14/turn              (no ring)
MPRegen  0.11/turn              (no ring)

@: slow
A: +LOS, swims, slowness 1, strong legs 1
a: Hop, Stomp, Line Pass, Renounce Religion


You were on level 4 of the Dungeon.
You worshipped Uskayaw.
Uskayaw was noncommittal.
You were not hungry.

You visited 1 branch of the dungeon, and saw 4 of its levels.

You collected 183 gold pieces.

Inventory:

Hand Weapons
 c - a +2 short sword of speed (weapon)
Missiles
 j - 11 curare-tipped darts (quivered)
Armour
 d - a +0 buckler (worn)
 i - a +0 scale mail (worn)
 m - a +0 pair of gloves (worn)
 p - a +0 chain mail
Wands
 n - a wand of acid (10) {@v1}
Scrolls
 a - a scroll of identify {@r1}
 f - a scroll of amnesia {unknown}
Potions
 g - a potion of heal wounds {@q2 !q}
 h - a potion of might {@q3 !q}
 l - a potion of resistance
 s - 2 potions of curing {@q1 !q}
 u - 2 potions of mutation
Comestibles
 b - 4 chunks of flesh
 e - 4 rations


   Skills:
 + Level 4.2 Fighting
 + Level 2.2 Short Blades
 - Level 2.1 Dodging
 - Level 2.6 Stealth
 + Level 3.3 Shields
 - Level 2.1 Spellcasting
 - Level 3.2 Hexes


You had 7 spell levels left.
You knew the following spells:

 Your Spells              Type           Power        Failure   Level  Hunger
a - Corona                Hex            ##.....      38%         1    #......

Your spell library contained the following spells:

 Spells                   Type           Power        Failure   Level  Hunger
 Ensorcelled Hibernation  Hex/Ice        #.....       77%         2    ###....
 Confusing Touch          Hex            ##......     77%         3    ###....
 Tukima's Dance           Hex            ##......     77%         3    ###....
 Dazzling Flash           Conj/Hex       #.....       94%         3    ###....


Dungeon Overview and Level Annotations

Branches:
Dungeon (4/15)
 Temple: D:4-7

Altars:
Uskayaw
Vehumet
Zin

Annotations:
D:2 1 runed translucent door, Crazy Yiuf


Innate Abilities, Weirdness & Mutations

You can be seen from farther away. (+LOS)
You can swim through water.
You cover ground slowly.
You can hop short distances.


Message History

You hit the orc.
The orc is almost dead.
The orc hits you with a +0 hand axe. The orc hits you but does no damage.
You hit the orc.
You kill the orc!
The orc barely misses you.
You hit the orc.
The orc is severely wounded.
The phantom blinks!
You can now pass through a line of other dancers.
You barely miss the orc.
The orc is severely wounded.
The orc closely misses you.
Your scale mail prevents you from hitting the orc.
The orc is severely wounded.
The orc hits you but does no damage.
You closely miss the orc.
The orc is severely wounded.
You closely miss the orc.
The orc is severely wounded.
The orc hits you but does no damage.
You closely miss the orc.
The orc is severely wounded.
The orc hits you.
You hit the orc.
You kill the orc!
Things that are here:
a +0 hand axe; a +0 leather armour You hit the phantom.
The phantom is lightly damaged.
The phantom hits you.
You hit the phantom but do no damage.
The phantom is lightly damaged.
You miss the phantom.
The phantom is lightly damaged.
The phantom blinks!
You hit the phantom.
The phantom is moderately damaged.
The phantom blinks!
The phantom hits you but does no damage.
You hit the phantom.
The phantom is moderately damaged.
The phantom closely misses you.
You hit the phantom but do no damage.
The phantom is moderately damaged.
The phantom barely misses you.
You hit the phantom.
The phantom is moderately damaged.
A frilled lizard comes into view.
The phantom hits you.
The phantom blinks!
The frilled lizard hisses angrily.
The phantom hits you.
You are too injured to fight recklessly!
You are too injured to fight recklessly!
You are too injured to fight recklessly!
You miss the phantom.
The phantom is moderately damaged.
You block the phantom's attack.
You barely miss the phantom.
The phantom is moderately damaged.
You hit the phantom but do no damage.
The phantom is moderately damaged.
The phantom hits you.
The frilled lizard bites you but does no damage.
You hit the phantom.
The phantom is heavily damaged.
The phantom closely misses you.
You closely miss the phantom.
The phantom is heavily damaged.
The frilled lizard barely misses you.
You hit the phantom but do no damage.
The phantom is heavily damaged.
The phantom hits you.
The frilled lizard bites you but does no damage.
You hit the phantom.
The phantom is heavily damaged.
The phantom hits you.
* * * LOW HITPOINT WARNING * * *
You hit the phantom.
The phantom is severely damaged.
You block the frilled lizard's attack.
You closely miss the phantom.
The phantom is severely damaged.
The phantom hits you.
* * * LOW HITPOINT WARNING * * *
The frilled lizard bites you but does no damage.
You hit the phantom.
The phantom is severely damaged.
The phantom hits you.
* * * LOW HITPOINT WARNING * * *
Uskayaw will force your foes to helplessly watch your dance.
Uskayaw prepares the audience for your solo!
The helpless phantom fails to defend itself.
You puncture the phantom!
The phantom is almost destroyed.
The frilled lizard is no longer paralysed.
The phantom is no longer paralysed.
The frilled lizard bites you but does no damage.
You miss the frilled lizard. The phantom hits you!
You die...

.##..................##
.#........###..(......#
......#...##..........#
.#..###..##........†###
#.# .............)..#
.#.. ..#....#.....)###
.## . #....#......#.#
..#.. ##....#........##
.....
.......l@..........
....
.......W...>......$#
...
..##...............# #
#.......#.......#
.........#.....###
...........##...## ##
............ ...# .#
............. ..# .#..
.............


You could see a phantom and a frilled lizard.

Vanquished Creatures
  A centaur skeleton (D:4)
  A worker ant (D:4)
  5 adders
  A worm (D:2)
  2 dart slugs (D:2)
  4 leopard geckos
  7 orcs
  A ball python (D:1)
  5 giant cockroaches
  9 goblins
  2 hobgoblins (D:1)
  6 jackals (D:2)
  A quokka (D:4)
  10 bats
  A frilled lizard (D:2)
  6 kobolds
  7 rats
69 creatures vanquished.

Notes
Turn   | Place    | Note
-------+----------+-------------------------------------------
     0 | D:1      | EnegeticOcto the Barachi Enchanter began the quest for the
                  | Orb.
     0 | D:1      | Reached XP level 1. HP: 13/13 MP: 3/3
    32 | D:1      | Reached skill level 1 in Fighting
   348 | D:1      | Reached XP level 2. HP: 13/22 MP: 5/5
   609 | D:1      | Reached skill level 2 in Fighting
   643 | D:1      | Reached skill level 1 in Shields
  1304 | D:2      | Reached XP level 3. HP: 28/28 MP: 6/6
  1579 | D:2      | Reached skill level 3 in Fighting
  1579 | D:2      | Reached skill level 2 in Shields
  1996 | D:2      | Reached XP level 4. HP: 30/35 MP: 7/7
  2101 | D:2      | Found a runed translucent door.
  2102 | D:2      | Noticed Crazy Yiuf
  2171 | D:2      | Found a faded altar of an unknown god.
  2550 | D:2      | Became a worshipper of Uskayaw the Reveler
  2550 | D:2      | Reached * piety under Uskayaw
  2612 | D:2      | Found a glowing silver altar of Zin.
  2826 | D:3      | Reached ** piety under Uskayaw
  3145 | D:3      | Reached XP level 5. HP: 30/42 MP: 8/8
  3166 | D:3      | Reached skill level 3 in Shields
  3455 | D:3      | Found a radiant altar of Vehumet.
  3718 | D:4      | Reached skill level 4 in Fighting
  3809 | D:4      | Reached skill level 2 in Short Blades
  3877 | D:4      | Noticed a phantom
  3936 | D:4      | HP: 1/42 [phantom (6)]
  3936 | D:4      | Reached *** piety under Uskayaw
  3938 | D:4      | Mangled by a phantom

Illustrated notes

Levels and vault maps discovered:
D:1:      dpeg_arrival_water_temple_mockup, layout_basic
D:2:      layout_rooms, overflow_temple_1_default,
          chequers_ecumenical_altar_island, minmay_tetromino_t2,
          uniq_crazy_yiuf_cottage
D:3:      layout_basic, nicolae_overflow_hidden_temple, lemuel_statue_altar
D:4:      layout_cave_pools

Skill      XL: |  1  2  3  4  5 |
---------------+----------------+-----
Fighting       | 1 2 3 4 |  4.2
Shields        | 1 2 3 |  3.3
Short Blades   | 2 |  2.2
Dodging        | |  2.1
Stealth        | |  2.6
Spellcasting   | |  2.1
Hexes          | |  3.2

Action                   |  1- 3 |  4- 6 || total
-------------------------+-------+-------++-------
Melee: Dagger            |    71 |       ||    71
       Short sword       |   107 |   221 ||   328
 Abil: Hop               |     1 |       ||     1
  Use: Scroll            |       |    10 ||    10
 Stab: Sleeping          |     2 |       ||     2
       Paralysed         |       |     1 ||     1
  Eat: Chunk             |     4 |     5 ||     9
       Ration            |       |     1 ||     1
Armor: Robe              |    42 |       ||    42
       Scale mail        |    66 |    82 ||   148
Dodge: Dodged            |   101 |    47 ||   148
Block: Buckler           |    30 |    29 ||    59
